[Event "Schack-SM 2024: Mastarklassen-elit"]
[Site "Fortnox Arena, Hejaregatan 5, Vaxjo, Sweden"]
[Date "2024.07.07"]
[Round "9.1"]
[White "Olsson, William"]
[Black "Akesson, Ralf"]
[Result "0-1"]
[TimeControl "90 minutes for 40 moves + 30 minutes for the rest of the game + 30 seconds per move from move one."]
[WhiteTitle "IM"]
[BlackTitle "GM"]
[WhiteElo "2363"]
[BlackElo "2360"]

1. c4 c5 2. g3 g6 3. Bg2 Bg7 4.
Nc3 Nc6 5. a3 b6 6. e4 Bb7 7. Nge2 d6 8. O-O e6 9. d3 Nge7 10. Rb1 O-O 11. Be3 Nd4 12. b4 Qd7 13. Qd2 Nec6 14.
Bh6 Bxh6 15. Qxh6 f6 16. Qd2 Rae8 17. Kh1 Nxe2 18. Nxe2 e5 19. f4 Nd4 20. Nxd4 cxd4 21. f5 g5 22.
b5 Ra8 23. Rb3 Qc7 24. Rfb1 Rfb8 25. Bf3 a5 26. bxa6 Rxa6 27. h4 h6 28. Kg1 Bc6 29. Bh5 Ba4 30. R3b2 Be8 31. Bxe8 Rxe8 32.
a4 Rea8 33. hxg5 hxg5 34. Qh2 Rxa4 35. Rxb6 Qxb6 0-1

[Event "Schack-SM 2024: Mastarklassen-elit"]
[Site "Fortnox Arena, Hejaregatan 5, Vaxjo, Sweden"]
[Date "2024.07.07"]
[Round "9.2"]
[White "Sorensen, Hampus"]
[Black "Arman, Deniz"]
[Result "1-0"]
[TimeControl "90 minutes for 40 moves + 30 minutes for the rest of the game + 30 seconds per move from move one."]
[WhiteTitle "IM"]
[BlackTitle "FM"]
[WhiteElo "2404"]
[BlackElo "2343"]

1. d4 Nf6 2. c4 g6 3. Nc3 d5 4. cxd5 Nxd5 5. e4 Nxc3 6. bxc3 Bg7 7. Qa4+ c6 8. Nf3 O-O 9. Qa3 e5 10.
Nxe5 Bxe5 11. dxe5 Qh4 12. Bd3 Nd7 13. O-O Nxe5 14.
Bc2 Be6 15. Qc5 Qh5 16. Be3 b6 17. Qe7 Rfe8 18. Qg5 Qxg5 19. Bxg5 Kg7 20. f4 f6 21. Bh4 Nc4 22. Rae1 a5 23.
Rf2 a4 24. Rfe2 Na3 25. Bd3 Rad8 26. Re3 Bc4 27. e5 Kf7 28. Bxc4+ Nxc4 29. Re4 b5 30. Bxf6 Rd3 31. Bh4 Ke6 32.
Rc1 Rd2 33. Ra1 a3 34. g4 Rf8 35. Bg3 Rfd8 36. f5+ gxf5 37. gxf5+ Kxf5 38. Rf4+ Ke6 39. Rf6+ Kd5 40. e6 Re8 41. Re1 Nb6 42. e7 Nc8 43.
Rf8 Rxe7 44. Rd8+ Kc4 45. Rxd2 Kxc3 46. Rd8 1-0

[Event "Schack-SM 2024: Mastarklassen-elit"]
[Site "Fortnox Arena, Hejaregatan 5, Vaxjo, Sweden"]
[Date "2024.07.07"]
[Round "9.3"]
[White "Lundin, Jan"]
[Black "Cederstam, Carl"]
[Result "1-0"]
[TimeControl "90 minutes for 40 moves + 30 minutes for the rest of the game + 30 seconds per move from move one."]
[WhiteTitle "FM"]
[BlackTitle "FM"]
[WhiteElo "2246"]
[BlackElo "2278"]

1. e4 e5 2. f4 exf4 3. Nf3 Nf6 4. e5 Nh5 5. Qe2 Be7 6. d4 d5 7. exd6 Qxd6 8. Qb5+ Nc6 9. Qxh5 Nxd4 10. Nxd4 Qxd4 11. Nc3 g6 12. Qf3 Bb4 13. Bd2 O-O 14.
O-O-O g5 15. h4 f6 16. Qh5 g4 17. Qd5+ Kh8 1-0

[Event "Schack-SM 2024: Mastarklassen-elit"]
[Site "Fortnox Arena, Hejaregatan 5, Vaxjo, Sweden"]
[Date "2024.07.07"]
[Round "9.4"]
[White "Crevatin, Leo"]
[Black "Thorn, Eric"]
[Result "1/2-1/2"]
[TimeControl "90 minutes for 40 moves + 30 minutes for the rest of the game + 30 seconds per move from move one."]
[WhiteTitle "FM"]
[BlackTitle "FM"]
[WhiteElo "2235"]
[BlackElo "2359"]

1. d4 Nf6 2. c4 e6 3. Nf3 d5 4. g3 dxc4 5. Bg2 c5 6. O-O Nc6 7. dxc5 Bd7 8. Nbd2 c3 9. bxc3 Bxc5 10.
Nb3 Be7 11. Nfd4 O-O 12. Bb2 Qc7 13. Nb5 Qb8 14. c4 a6 15. N5d4 Rd8 16. Qc2 Qc7 17. Rac1 Rac8 18. Qb1 b6 19.
c5 b5 20. e3 Be8 21. Bc3 Nd5 22. Nxc6 Qxc6 23. Ba5 Rd7 24. Rfd1 Qa8 25. Rd2 Rb7 26. a3 Bc6 27. Nd4 Rd7 28.
Nxc6 Qxc6 29. Bb6 Bd8 30. Bxd5 Rxd5 31. Rxd5 exd5 32. Bxd8 Rxd8 33. Qb4 h6 34. a4 bxa4 35. Ra1 Rc8 36.
Qxa4 Qxa4 37. Rxa4 Rxc5 38. Rxa6 Kf8 39. Ra7 g6 40. Rd7 Ke8 41. Ra7 h5 42. h4 d4 43. exd4 Rc4 44. d5 Rc5 45. d6 Rd5 46. Re7+ Kf8 47.
Rd7 Ke8 48. Re7+ Kf8 49. Rd7 Ke8 50. Re7+ Kf8 1/2-1/2

[Event "Schack-SM 2024: Mastarklassen-elit"]
[Site "Fortnox Arena, Hejaregatan 5, Vaxjo, Sweden"]
[Date "2024.07.07"]
[Round "9.5"]
[White "Wiedenkeller, Michael"]
[Black "Carlsson, Ludvig"]
[Result "1-0"]
[TimeControl "90 minutes for 40 moves + 30 minutes for the rest of the game + 30 seconds per move from move one."]
[WhiteTitle "IM"]
[BlackTitle "IM"]
[WhiteElo "2417"]
[BlackElo "2335"]

1. d4 f5 2. c4 Nf6 3. Nc3 d6 4. Nf3 g6 5. g3 Bg7 6. Bg2 O-O 7. O-O c6 8. d5 e5 9. dxe6 Bxe6 10.
Qd3 Re8 11. Ng5 Bc8 12. Rd1 h6 13. Nf3 Na6 14. Be3 Be6 15. Qd2 Kh7 16. b3 Nc5 17. Bd4 Qe7 18. Rac1 a5 19. Qc2 Bf7 20.
h3 Bf8 21. Re1 Bg7 22. Rcd1 Ne6 23. Be3 Nh5 24. Bc1 Nc5 25. Nd4 Nf6 26. e3 Nfe4 27. Bb2 Bg8 28. a3 Bf7 29. Bf1 Qf6 30.
Nde2 Ng5 31. Bg2 Qe7 32. Nf4 Nd7 33. h4 Ne6 34. Nxe6 Bxe6 35. h5 gxh5 36. Bh3 Ne5 37. Bxf5+ Kh8 38.
Kg2 h4 39. Ne2 hxg3 40. Nxg3 Rf8 41. f4 Ng4 42. Bxg7+ Kxg7 43. Nh5+ Kh8 44. Bxg4 Rg8 45. Qc3+ Kh7 46. Nf6+ Kg6 47.
Nxg8 Rxg8 48. Bxe6 Qxe6 49. Kf2 Kf7 50. Rg1 Rg4 51. Qd3 1-0

[Event "Schack-SM 2024: Mastarklassen-elit"]
[Site "Fortnox Arena, Hejaregatan 5, Vaxjo, Sweden"]
[Date "2024.07.06"]
[Round "8.1"]
[White "Arman, Deniz"]
[Black "Olsson, William"]
[Result "0-1"]
[TimeControl "90 minutes for 40 moves + 30 minutes for the rest of the game + 30 seconds per move from move one."]
[WhiteTitle "FM"]
[BlackTitle "IM"]
[WhiteElo "2343"]
[BlackElo "2363"]

1. e4 e5 2. Nf3 Nc6 3. Bb5 a6 4. Bxc6 dxc6 5. O-O Qf6 6. d4 exd4 7. Bg5 Qd6 8. Nxd4 Bd7 9. Nc3 Ne7 10.
Be3 O-O-O 11. Qe2 Ng6 12. Rad1 Qe7 13. f4 f6 14. Nb3 Qe8 15. Bc5 Kb8 16. Qe3 Bxc5 17. Nxc5 Bc8 18. b4 Qe7 19.
a4 Rxd1 20. Rxd1 Rd8 21. Rb1 Qd6 22. Nd3 Qd4 23. Qxd4 Rxd4 24. Kf2 f5 25. Ke3 Rd8 26. e5 b6 27. Ne2 Ne7 28. Nc3 Be6 29.
Rd1 Kc8 30. Nb2 Rg8 31. h4 g6 32. g3 h6 33. a5 g5 34. fxg5 hxg5 35. h5 Rh8 36. axb6 cxb6 37. Rd6 Rh6 38.
Ne2 f4+ 39. Kf2 fxg3+ 40. Nxg3 Kc7 41. c4 Kb7 42. Ke3 Nc8 43. Rd8 Kc7 44. Rf8 Kd7 45. Rf1 Ne7 46. Rd1+ Kc7 47. Rd6 Ng8 48.
c5 bxc5 49. bxc5 Bb3 50. Nd3 a5 51. Kd2 Rh7 52. Rg6 a4 53. Kc3 Ne7 54. Rxg5 Nd5+ 55. Kb2 Kb8 56. Ka3 Ne3 57. Kb2 Rb7 58.
Kc3 a3 59. Ne4 Nd1+ 60. Kd2 a2 61. e6 a1=Q 62. Ne5 Qd4+ 0-1

[Event "Schack-SM 2024: Mastarklassen-elit"]
[Site "Fortnox Arena, Hejaregatan 5, Vaxjo, Sweden"]
[Date "2024.07.06"]
[Round "8.2"]
[White "Akesson, Ralf"]
[Black "Lundin, Jan"]
[Result "0-1"]
[TimeControl "90 minutes for 40 moves + 30 minutes for the rest of the game + 30 seconds per move from move one."]
[WhiteTitle "GM"]
[BlackTitle "FM"]
[WhiteElo "2360"]
[BlackElo "2246"]

1. Nf3 d5 2. d4 e6 3. c4 c5 4. cxd5 exd5 5. g3 Nc6 6. Bg2 Nf6 7. O-O Be7 8. dxc5 O-O 9. Qc2 Be6 10.
Rd1 Rc8 11. a3 Qa5 12. b4 Nxb4 13. axb4 Qxa1 14. Na3 a5 15. Bb2 Qa2 16. Ra1 Qxa1+ 17. Bxa1 axb4 18. Nb1 Rxc5 19. Qb2 Rfc8 20.
Nbd2 Rc1+ 21. Bf1 R8c2 22. Qe5 Rd1 23. Qb8+ Bf8 24. Bxf6 gxf6 25. Qf4 Bh3 26. Qxf6 h6 27. Ne5 Rc7 28.
Nd3 b3 29. f3 Rc2 30. Ne5 Bc5+ 31. Kh1 Be6 32. Ng6 Kh7 33. Nf4 Bd4 34. Qxd4 Rcxd2 35. Qf6 b2 36. Nh5 Rxf1+ 37. Kg2 Rxe2+ 38. Kxf1 b1=Q+ 39. Kxe2 Qg6 40.
Qe5 Qg5 41. Nf6+ Kg6 42. Qxg5+ Kxg5 43. Ne8 b5 44. Nc7 b4 45. Kd3 Kf5 46. Kd4 b3 47. Nb5 b2 48. Na3 Kf6 49. Kc3 Ke5 50.
Kxb2 Kd4 51. Nc2+ Kd3 52. f4 d4 53. Kc1 Bb3 54. Na3 Ba4 55. Nb1 Ke3 56. Nd2 Ke2 57. f5 h5 58. f6 Bc6 59.
Kc2 Bd5 60. Kc1 d3 61. Nb1 Ke1 62. Nd2 Kf2 63. Kd1 Bf3+ 64. Kc1 Kg2 65. Nc4 Kxh2 66. Nd6 Bd5 67. Nf5 Be6 68. Nd4 Bd7 69.
Kd2 Kxg3 70. Kxd3 Bg4 71. Ke3 h4 0-1

[Event "Schack-SM 2024: Mastarklassen-elit"]
[Site "Fortnox Arena, Hejaregatan 5, Vaxjo, Sweden"]
[Date "2024.07.06"]
[Round "8.3"]
[White "Thorn, Eric"]
[Black "Sorensen, Hampus"]
[Result "0-1"]
[TimeControl "90 minutes for 40 moves + 30 minutes for the rest of the game + 30 seconds per move from move one."]
[WhiteTitle "FM"]
[BlackTitle "IM"]
[WhiteElo "2359"]
[BlackElo "2404"]

1. d4 Nf6 2. c4 e6 3. Nf3 d5 4. g3 Bb4+ 5. Bd2 Be7 6. Bg2 c6 7. Qc2 Nbd7 8. O-O O-O 9. Rc1 a5 10.
a3 Ne4 11. Be1 Nb6 12. Nbd2 Nxd2 13. Nxd2 a4 14. c5 Nd7 15. e4 b6 16. cxb6 Bb7 17. exd5 exd5 18. Nf3 Qxb6 19. Bc3 Bd6 20.
Re1 Nf6 21. Nh4 Bc8 22. Rac1 g6 23. Bd2 Bd7 24. Bg5 Kg7 25. Qd2 Rfe8 26. Bh6+ Kh8 27. Bf4 Bxf4 28. Qxf4 Kg7 29. Qd2 Rab8 30. Rxe8 Nxe8 31. Rc2 Nf6 32.
h3 Re8 33. Nf3 Bf5 34. Rc1 Ne4 35. Qe2 Nd6 36. Qd1 Nc4 37. Qxa4 Qxb2 38. Rf1 Bd3 39. Qxc6 Re6 40. Qxd5 Bxf1 41.
Bxf1 Nd2 42. Nxd2 Qxd2 43. Qc5 Re4 44. a4 Qxd4 45. Qxd4+ Rxd4 46. a5 Ra4 47. a6 g5 48. Bb5 Ra1+ 49.
Kg2 f5 50. Kf3 Ra3+ 51. Ke2 Kf6 52. Kd2 Ke5 53. Kc2 Kd4 54. Kb2 Ra5 55. Be2 h6 56. Kb3 Kc5 57. Bd3 f4 58. gxf4 gxf4 59. f3 Ra1 60. Kb2 Ra4 61.
Kb3 Ra5 62. Be2 Kb6 63. Bd3 Rh5 64. Kc3 Rxh3 65. Be4 Kxa6 66. Kd4 Kb6 67. Ke5 Rh4 68. Bf5 Kc5 69. Be6 Kc6 70. Bf5 Kc7 71.
Ke4 Kd8 72. Bg4 h5 73. Bf5 Ke7 74. Ke5 Rh1 75. Kxf4 Kf6 76. Bc8 Rg1 77. Bd7 Rd1 78. Be8 Rd4+ 79. Kg3 Kg5 80. f4+ Kh6 81. Bf7 Rd7 82. Be6 Rd3+ 83. Kf2 Kg6 84. Bc8 Kf6 85.
Kg2 h4 86. Kf2 Rg3 87. Bd7 Ke7 88. Bc8 Kd6 89. Bb7 Ke6 90. Bc8+ Kd5 91. Bb7+ Kd4 92. Bc6 Rg4 93. Kf3 Rg6 94.
Bb7 Rg7 95. Bc6 Kc5 96. Be4 h3 97. f5 h2 98. Kf4 Rg1 99. f6 Kd6 100. f7 Ke7 0-1

[Event "Schack-SM 2024: Mastarklassen-elit"]
[Site "Fortnox Arena, Hejaregatan 5, Vaxjo, Sweden"]
[Date "2024.07.06"]
[Round "8.4"]
[White "Cederstam, Carl"]
[Black "Wiedenkeller, Michael"]
[Result "1-0"]
[TimeControl "90 minutes for 40 moves + 30 minutes for the rest of the game + 30 seconds per move from move one."]
[WhiteTitle "FM"]
[BlackTitle "IM"]
[WhiteElo "2278"]
[BlackElo "2417"]

1. d4 d5 2. c4 dxc4 3. e4 e5 4. Nf3 Bb4+ 5. Nc3 exd4 6. Nxd4 Nd7 7. Bxc4 Ngf6 8. O-O O-O 9. Nde2 Ne5 10.
Bb3 Qe7 11. a3 Bc5 12. Bg5 Be6 13. Na4 Rfd8 14. Qc2 Bxb3 15. Qxb3 Bb6 16. Nf4 Ned7 17. Nxb6 axb6 18. Nd5 Qe5 19.
Bf4 Qxe4 20. Nxf6+ Nxf6 21. Bxc7 Rd3 22. Qxb6 Qd5 23. Bf4 Rb3 24. Qc7 Rxb2 25. Rad1 Qc6 26. Rd8+ Rxd8 27. Qxd8+ Qe8 28.
Rd1 Re2 29. Qxe8+ Rxe8 30. f3 h6 31. Kf2 Ra8 32. Rd3 Kf8 33. Bd6+ Ke8 34. Bb4 Ra6 35. g4 Re6 36. h4 h5 37.
g5 Nd7 38. f4 f5 39. Rd5 g6 40. Rb5 Rb6 41. Rd5 Re6 42. Kf3 Kd8 43. Bd6 Nb6 44. Rd4 Nd7 45. Kf2 Ke8 46. a4 b6 47.
Rd3 Kd8 48. Be5 Ke7 49. Bd4 Re4 50. Re3 Ke6 51. Rxe4+ fxe4 52. Ke2 Kd6 53. Kd2 Ke6 54. Ke2 Kd6 55. Ke3 Kd5 56. Bc3 Nc5 57. f5 gxf5 58. g6 Ke6 59.
Kf4 e3 60. Kg5 Ke7 61. Bb4 Kf8 62. Kxf5 Kg7 63. a5 bxa5 64. Bxc5 e2 65. Bd4+ Kf8 66. Bc3 a4 67. Ke4 a3 68.
Kd3 1-0

[Event "Schack-SM 2024: Mastarklassen-elit"]
[Site "Fortnox Arena, Hejaregatan 5, Vaxjo, Sweden"]
[Date "2024.07.06"]
[Round "8.5"]
[White "Carlsson, Ludvig"]
[Black "Crevatin, Leo"]
[Result "1-0"]
[TimeControl "90 minutes for 40 moves + 30 minutes for the rest of the game + 30 seconds per move from move one."]
[WhiteTitle "IM"]
[BlackTitle "FM"]
[WhiteElo "2335"]
[BlackElo "2235"]

1. e4 c6 2. Nf3 d5 3. d3 g6 4. exd5 cxd5 5. d4 Nc6 6. Bd3 Bg7 7. O-O Bg4 8. c3 Nf6 9. Nbd2 O-O 10.
h3 Bf5 11. Nb3 Bxd3 12. Qxd3 Qc7 13. Re1 Nh5 14. Qe2 a5 15. a4 Nf4 16. Qb5 e6 17. Nc5 Rfb8 18. Bxf4 Qxf4 19. Nd7 Rd8 20.
Qxb7 Qd6 21. Nde5 Nxe5 22. dxe5 Qc5 23. Qb5 Qxb5 24. axb5 Rdb8 25. Nd4 Bf8 26. Ra4 Bc5 27. Rea1 Bxd4 28.
cxd4 Rxb5 29. b4 Kf8 30. Rxa5 Rbxa5 31. bxa5 Ke7 32. Kf1 Kd7 33. Ke2 Ra7 34. Ke3 Kc6 35. Rc1+ Kb5 36. Rc5+ Kb4 37.
f3 Rxa5 38. Rc7 Ra3+ 39. Kf4 h6 40. Rxf7 g5 41. Kg4 Kc4 42. Rf6 Ra6 43. Rxh6 Kxd4 44. Kxg5 Ke3 45. Rh8 d4 46. Rd8 d3 47.
Kf6 d2 48. h4 Ra4 49. Rxd2 Kxd2 50. Kxe6 Ke3 51. Kf6 Rxh4 52. e6 Rh6+ 53. Kf7 Rh7+ 54. Kf8 Rh5 55. e7 Rf5+ 56. Kg7 Rg5+ 57.
Kf6 Rxg2 58. e8=Q+ Kxf3 59. Kf5 Kf2 60. Kf4 Kf1 61. Qh5 Rd2 62. Ke3 1-0

[Event "Schack-SM 2024: Mastarklassen-elit"]
[Site "Fortnox Arena, Hejaregatan 5, Vaxjo, Sweden"]
[Date "2024.07.05"]
[Round "7.1"]
[White "Lundin, Jan"]
[Black "Arman, Deniz"]
[Result "0-1"]
[TimeControl "90 minutes for 40 moves + 30 minutes for the rest of the game + 30 seconds per move from move one."]
[WhiteTitle "FM"]
[BlackTitle "FM"]
[WhiteElo "2246"]
[BlackElo "2343"]

1. e4 d6 2. Nc3 Nf6 3. d3 e5 4. g3 Be7 5. Bg2 O-O 6. Nge2 c6 7. O-O b5 8. a3 Nbd7 9. h3 a5 10.
g4 h5 11. Ng3 hxg4 12. hxg4 g6 13. Bh6 Re8 14. Bf3 Nh7 15. Kg2 Bg5 16. Rh1 Qf6 17. Qg1 Nc5 18. Qh2 Ne6 19. Rag1 b4 20.
Nce2 Bxh6 21. Qxh6 Neg5 22. Kf1 bxa3 23. bxa3 Qg7 24. Qxg7+ Kxg7 25. Kg2 Nxf3 26. Kxf3 Ng5+ 27. Ke3 Bxg4 28.
Rh4 Bxe2 29. Kxe2 Kf6 30. Rb1 Rab8 31. Rhh1 Rb5 32. Rxb5 cxb5 33. Rb1 Rb8 34. Nf1 Ne6 35. c3 Nf4+ 36.
Kd2 Ke7 37. a4 b4 38. cxb4 axb4 39. Ne3 Kd7 40. Nc2 b3 41. Ne3 Ne6 42. Nc4 Nc5 43. a5 Kc6 44. Kc3 Na4+ 45. Kd2 Kc5 46.
Ra1 Kb4 47. a6 b2 48. a7 Ra8 49. Rb1 Kb3 50. Na5+ Ka2 51. Kc2 Rxa7 52. Nc4 Rc7 53. f3 Rc8 54. Rh1 Rh8 55. Nxb2 Rxh1 56.
Nxa4 Ka3 57. Nb6 Kb4 0-1

[Event "Schack-SM 2024: Mastarklassen-elit"]
[Site "Fortnox Arena, Hejaregatan 5, Vaxjo, Sweden"]
[Date "2024.07.05"]
[Round "7.2"]
[White "Olsson, William"]
[Black "Thorn, Eric"]
[Result "1/2-1/2"]
[TimeControl "90 minutes for 40 moves + 30 minutes for the rest of the game + 30 seconds per move from move one."]
[WhiteTitle "IM"]
[BlackTitle "FM"]
[WhiteElo "2363"]
[BlackElo "2359"]

1. c4 e5 2. g3 Nf6 3. Bg2 Bc5 4. Nc3 c6 5. e4 d5 6. exd5 O-O 7. Nge2 cxd5 8. cxd5 Na6 9. O-O Bg4 10.
h3 Bxe2 11. Qxe2 Re8 12. d3 h6 13. a3 Bd4 14. Nb5 Bb6 15. Nc3 Nc5 16. Qd1 e4 17. dxe4 Ncxe4 18. Qf3 Nxc3 19. bxc3 Rc8 20.
Qd3 Nd7 21. Bf4 Qf6 22. Rac1 Ne5 23. Bxe5 Rxe5 24. c4 Bc5 25. Bf3 Rce8 26. Kg2 b6 27. h4 h5 28. Rcd1 Qd6 29. a4 a5 30.
Rd2 g6 31. Qc2 Rf5 32. Rd3 Rfe5 33. g4 hxg4 34. Bxg4 Re4 35. Rg3 Qf4 36. h5 Rxc4 37. Qd3 g5 38. Bf3 Rd4 39. Qb5 Re5 40.
Qc6 Rd2 41. h6 Kh7 42. Rg4 Qf5 43. Rc4 Ree2 44. Rxc5 bxc5 45. Bxe2 Rxe2 46. Qxc5 Re4 47. f3 Rh4 48. Kg1 Qh3 49.
Qc2+ Kxh6 50. Qg2 Qxg2+ 51. Kxg2 Rd4 52. Rb1 Rxd5 53. Rb5 Rd2+ 54. Kg3 1/2-1/2

[Event "Schack-SM 2024: Mastarklassen-elit"]
[Site "Fortnox Arena, Hejaregatan 5, Vaxjo, Sweden"]
[Date "2024.07.05"]
[Round "7.3"]
[White "Wiedenkeller, Michael"]
[Black "Akesson, Ralf"]
[Result "1-0"]
[TimeControl "90 minutes for 40 moves + 30 minutes for the rest of the game + 30 seconds per move from move one."]
[WhiteTitle "IM"]
[BlackTitle "GM"]
[WhiteElo "2417"]
[BlackElo "2360"]

1. d4 d5 2. c4 e6 3. Nf3 Nf6 4. Nc3 h6 5. g3 Nbd7 6. Bg2 c6 7. Qd3 b6 8. O-O Ba6 9. b3 Be7 10.
e4 O-O 11. e5 Nh7 12. a4 Qc7 13. Re1 Rfd8 14. Bf1 Rac8 15. Ba3 Bxa3 16. Rxa3 Nb8 17. Qe3 Qe7 18. Rea1 Ng5 19. Nxg5 hxg5 20.
a5 b5 21. cxb5 cxb5 22. Nxb5 Bxb5 23. Bxb5 Nc6 24. Qd2 Qb4 25. Qxb4 Nxb4 26. Ra4 Nc2 27. Rc1 Rc3 28. Ba6 Rc6 29.
Bb7 Rc3 30. Ra2 Rxb3 31. Bxd5 Rxd5 32. Rcxc2 Rxd4 33. Rc8+ Kh7 34. Rc7 Kg6 35. Rxa7 g4 36. Kg2 Rb1 37. h3 gxh3+ 38. Kxh3 Rdd1 39.
Rc7 Rh1+ 40. Kg2 Rhg1+ 41. Kf3 Rb3+ 42. Ke2 Rb5 43. Rc3 Rh1 44. a6 Rh8 45. Kf3 Ra8 46. Rc7 Rxe5 47. Rb7 Rc5 48.
a7 Rcc8 49. Ra4 f5 50. g4 fxg4+ 51. Rxg4+ Kf5 52. Rgxg7 Rc3+ 53. Kg2 Ra3 54. Rbf7+ Ke5 55. Rd7 Kf6 56. Rgf7+ Kg6 57. f3 Ra1 58.
Kg3 Ra4 59. Rb7 Rg8 60. Kf2 Rc8 61. Rfc7 Rd8 62. Rd7 Rc8 63. Rbc7 Rf8 64. Rg7+ Kf6 65. Ke3 Rd8 66. Rgd7 Rh8 67.
Rf7+ Kg6 68. Rg7+ Kf6 69. Rgf7+ Kg6 70. Rb7 Rc8 71. Rg7+ Kf6 72. Rbf7+ Ke5 73. f4+ Kd6 74. Rd7+ Kc6 75.
Rb7 Rh8 76. Rh7 Rg8 77. Kf3 Rd8 78. Rhc7+ Kd6 79. Rg7 Kc6 80. Rbe7 Kd6 81. Ref7 Kc6 82. Rg6 Kd5 83. Rb7 Ra3+ 84.
Kg4 Rd6 85. Rg8 Rda6 86. Rd8+ Kc5 87. Rc7+ Kb6 88. Re7 Rxa7 89. Rd6+ Kc5 90. Rxa7 Rxa7 91. Rxe6 Kd5 92. f5 Rg7+ 93. Rg6 Re7 94. Kg5 1-0

[Event "Schack-SM 2024: Mastarklassen-elit"]
[Site "Fortnox Arena, Hejaregatan 5, Vaxjo, Sweden"]
[Date "2024.07.05"]
[Round "7.4"]
[White "Sorensen, Hampus"]
[Black "Crevatin, Leo"]
[Result "1/2-1/2"]
[TimeControl "90 minutes for 40 moves + 30 minutes for the rest of the game + 30 seconds per move from move one."]
[WhiteTitle "IM"]
[BlackTitle "FM"]
[WhiteElo "2404"]
[BlackElo "2235"]

1. Nf3 d5 2. g3 Bg4 3. Bg2 Nd7 4. h3 Bxf3 5. Bxf3 c6 6. d4 e5 7. dxe5 Nxe5 8. Bg2 Nf6 9. O-O Bc5 10.
Nd2 O-O 11. c3 Bb6 12. Qc2 Re8 13. c4 dxc4 14. Nxc4 Nxc4 15. Qxc4 Qd4 16. Qc2 Qe5 17. e3 Rad8 18. Rb1 Ne4 19.
b4 Qe6 20. Rb3 h5 21. Rd1 a6 22. Rxd8 Bxd8 23. Bb2 Bf6 24. Bxf6 Nxf6 25. Rd3 Re7 26. a4 Rd7 27. b5 axb5 28.
axb5 Rxd3 29. Qxd3 cxb5 30. Qxb5 b6 31.
Kh2 Qd6 32. Qc4 Qc5 33. Qf4 b5 34. Bf1 b4 35. Bc4 Qb6 36. Bb3 Qb7 37. Qf5 Kf8 38. Kg1 Kg8 39. Kh2 Kf8 40. Kg1 Kg8 41.
Qc5 g6 42. Qc4 Kg7 43. Bc2 Qd7 44. Bb3 Qb7 45. g4 hxg4 46. hxg4 Qe7 47. Kf1 Ne4 48. Kg2 Kh7 49. Qd4 Ng5 50.
Bd5 Ne6 51. Qc4 Kg7 52. Qe4 Qd6 53. f4 Nc7 54. Bb3 Qd2+ 55. Kf3 Qc3 56. Qd4+ Qxd4 57. exd4 Ne6 58. Ke4 Kf6 59. g5+ Ke7 60.
Ke5 Nc7 61. Bc4 Ne8 62. Kd5 Nc7+ 63. Kc5 Ne6+ 64. Bxe6 fxe6 65. Kxb4 Kd6 66. Kc4 Kc6 67. Kd3 Kd5 68. Ke3 Kc6 69.
Kd2 Kd6 70. Kc2 Kc6 71. Kc3 Kd6 72. Kd2 Kc6 73. Ke3 Kd5 74. Kd3 Kc6 75. Ke3 Kd5 1/2-1/2

[Event "Schack-SM 2024: Mastarklassen-elit"]
[Site "Fortnox Arena, Hejaregatan 5, Vaxjo, Sweden"]
[Date "2024.07.05"]
[Round "7.5"]
[White "Cederstam, Carl"]
[Black "Carlsson, Ludvig"]
[Result "1-0"]
[TimeControl "90 minutes for 40 moves + 30 minutes for the rest of the game + 30 seconds per move from move one."]
[WhiteTitle "FM"]
[BlackTitle "IM"]
[WhiteElo "2278"]
[BlackElo "2335"]

1. d4 Nf6 2. c4 g6 3. f3 e6 4. e4 c5 5. d5 d6 6. Nc3 Bg7 7. Nge2 exd5 8. cxd5 a6 9. a4 Nbd7 10.
Ng3 h5 11. Be2 Nh7 12. Nf1 Qh4+ 13. g3 Qe7 14. Be3 Ne5 15. h3 O-O 16. Nd2 f5 17. f4 fxe4 18. fxe5 Bxe5 19. Qb3 Bxg3+ 20. Kd1 Bf5 21. Rg1 h4 22. Nf1 Be5 23. Bxc5 Kh8 24. Be3 Bxh3 25. Nd2 Bf5 26. Nc4 Bg3 27. Bd4+ Kg8 28. Ne3 Ng5 29.
Nf1 Bf4 30. Bg4 h3 31. Bxf5 gxf5 32. Ne2 h2 33. Qh3 Qg7 34. Nxh2 Be5 35. Bxe5 dxe5 36. Qh5 Qh7 37. Rxg5+ Kh8 38.
Qxh7+ Kxh7 39. Ng4 fxg4 40. Kd2 Rf3 41. Rh1+ Rh3 42. Rxh3+ gxh3 43. Rh5+ Kg6 44. Rxh3 b5 45. axb5 axb5 46.
Ra3 Rd8 47. Ra6+ Kf5 48. d6 Ke6 49. Ke3 Kd5 50. Nc3+ Kc4 51. Rc6+ Kb3 52. Nxb5 1-0

[Event "Schack-SM 2024: Mastarklassen-elit"]
[Site "Fortnox Arena, Hejaregatan 5, Vaxjo, Sweden"]
[Date "2024.07.04"]
[Round "6.5"]
[White "Carlsson, Ludvig"]
[Black "Sorensen, Hampus"]
[Result "1-0"]
[TimeControl "90 minutes for 40 moves + 30 minutes for the rest of the game + 30 seconds per move from move one."]
[WhiteTitle "IM"]
[BlackTitle "IM"]
[WhiteElo "2335"]
[BlackElo "2404"]

1. e4 e5 2. Nf3 Nc6 3. Nc3 Nf6 4. d4 Bb4 5. Nxe5 Bxc3+ 6. bxc3 Qe7 7. f3 Nxe5 8. dxe5 Qxe5 9. Qd4 d6 10.
Qxe5+ dxe5 11. a4 a5 12. Bc4 b6 13. Ke2 Ba6 14. Bxa6 Rxa6 15. Rd1 Ke7 16. c4 Rd8 17. Rxd8 Kxd8 18.
Bg5 Ke8 19. Bxf6 gxf6 20. Rd1 Ke7 21. Rb1 Kd6 22. Rb5 Ra8 23. c5+ Kc6 24. cxb6 cxb6 25. Rd5 Rg8 26. g3 Re8 27. Ke3 Rc8 28.
f4 Re8 29. c4 Re7 30. h4 Re8 31. Kf3 Kc7 32. c5 Re6 33. cxb6+ Kxb6 34. Rd7 f5 35. exf5 Rf6 36. g4 exf4 37.
Kxf4 Kc6 38. Kg5 Rxf5+ 39. gxf5 Kxd7 40. Kf6 Ke8 41. Kg7 Ke7 42. h5 f6 43. Kxh7 Kf8 44. Kg6 1-0

[Event "Schack-SM 2024: Mastarklassen-elit"]
[Site "Fortnox Arena, Hejaregatan 5, Vaxjo, Sweden"]
[Date "2024.07.04"]
[Round "6.1"]
[White "Thorn, Eric"]
[Black "Lundin, Jan"]
[Result "1/2-1/2"]
[TimeControl "90 minutes for 40 moves + 30 minutes for the rest of the game + 30 seconds per move from move one."]
[WhiteTitle "FM"]
[BlackTitle "FM"]
[WhiteElo "2359"]
[BlackElo "2246"]

1. d4 f5 2. Nf3 Nf6 3. Bg5 e6 4. Nbd2 d5 5. e3 Be7 6. Ne5 O-O 7. Be2 Nbd7 8. Nd3 Bd6 9. c4 c6 10.
O-O b6 11. b4 Qe8 12. Bf4 Bb8 13. Rc1 Bb7 14. Nf3 dxc4 15. Rxc4 Bxf4 16. Nxf4 Nd5 17. Qb3 a5 18. bxa5 Rxa5 19.
Nxd5 exd5 20. Rc2 Qe7 21. g3 Ra3 22. Qb1 Rfa8 23. Rfc1 g6 24. Rb2 Qe4 25. Rcc2 R8a4 26. Qc1 Qe6 27.
Ng5 Qd6 28. Bf1 Ra7 29. Bg2 Qe7 30. h4 Qf6 31. Nh3 b5 32. Nf4 Nb6 33. Bf1 Qd6 34. Qb1 Nc4 35. Rb3 R3a4 36. Re2 Bc8 37.
Nd3 Qb8 38. Nc5 R4a5 39. a4 Qa8 40. axb5 Ra1 41. Qd3 cxb5 42. Rxb5 f4 43. Rb1 Rxb1 44. Qxb1 Ra1 45. Qb4 Bh3 46.
Re1 Bxf1 47. Rxa1 Qxa1 48. Qb8+ Kg7 49. Qc7+ Kg8 50. Qd8+ Kf7 51. Qd7+ Kf6 52. Qd8+ Kf7 53. Qxd5+ Kg7 54.
Qd7+ Kh6 55. Qc7 Bh3+ 56. Kh2 Qf1 57. Qxf4+ Kg7 58. Qc7+ Kh6 59. Qf4+ Kg7 60. Qc7+ Kh6 61. Qf4+ 1/2-1/2

[Event "Schack-SM 2024: Mastarklassen-elit"]
[Site "Fortnox Arena, Hejaregatan 5, Vaxjo, Sweden"]
[Date "2024.07.04"]
[Round "6.2"]
[White "Arman, Deniz"]
[Black "Wiedenkeller, Michael"]
[Result "0-1"]
[TimeControl "90 minutes for 40 moves + 30 minutes for the rest of the game + 30 seconds per move from move one."]
[WhiteTitle "FM"]
[BlackTitle "IM"]
[WhiteElo "2343"]
[BlackElo "2417"]

1. e4 e5 2. Nf3 Nc6 3. Bb5 Nf6 4. d3 Bc5 5. Bxc6 dxc6 6. O-O Nd7 7. c3 Bd6 8. d4 O-O 9. Bg5 Be7 10.
Bxe7 Qxe7 11. Nxe5 Nxe5 12. dxe5 Qxe5 13. Nd2 Be6 14. Qc2 Rad8 15. Nf3 Qf4 16. Nd4 Rfe8 17. Rad1 Bc4 18. Rfe1 c5 19.
Nf5 g6 20. Rxd8 Rxd8 21. Ne3 Bd3 22. Qd1 Qxe4 23. Ng4 Qf4 24. Ne5 c4 25. g3 Qf6 26. Ng4 Qd6 27. Qa4 h5 28. Ne3 Qc5 29.
Ng2 c6 30. Qd1 Kg7 31. Nf4 Qd6 32. Qa4 Qc5 33. Qd1 Rd7 34. Re6 Qf5 35. Re1 Qg4 36. Qc1 Bf5 37. Kg2 Bd3 38. Re5 Rd6 39.
Nxh5+ Kh7 40. f3 Qd7 41. Nf4 Bf5 42. g4 Bxg4 43. Qe1 Rf6 44. Qh4+ Kg7 45. Kg3 Qd6 46. Re4 Be6 47. Kf2 Qd2+ 48.
Kg3 Qd1 49. Kf2 Qd2+ 50. Kg3 g5 51. Nxe6+ fxe6 52. Qg4 Qd6+ 53. Kg2 Qd2+ 54. Kf1 Qd5 55. h4 Rf5 56. Ke2 Kf6 57. h5 Qd3+ 58.
Kf2 Qd2+ 59. Kg3 Qc1 60. Re2 Qg1+ 61. Rg2 Qe1+ 62. Rf2 Rf4 63. Qh3 Rh4 64. Qf1 Qe5+ 65. f4 gxf4+ 66. Rxf4+ Kg5 0-1